AoeStats
← yoeyhoover

Hill Fort

504250055Analyzed
3v3 RM · 28d ago on Sep 4, 2026· 61m 12s· 6 players
Game mode
Random Map
Map size
Normal (6 player)
Population
200
Speed
Normal
Resources
Standard
Victory
Conquest
Starting age
Dark Age
Ending age
Imperial Age
RankedLock teamsTeams togetherTeam positionsShared explorationLock speedFull tech treeHidden civsTurbo modeCheats
Victory
Defeat
🇹🇷 Romans · Türkiye
1060
+15
🇹🇷 Bulgarians · Türkiye
1060
+15
🇹🇷 Byzantines · Türkiye
996
+18
🇫🇷 Tatars · France
1110
-19
🇺🇸 Bulgarians · United States
1035
-16
🇫🇷 Berbers · France
976
-13
yoeyhoover
7:19 Loom
10:55 Feudal Age
18:10 Forging
18:01 Scale Mail Armor
18:05 Fishing Lines
18:54 Arson
19:01 Horse Collar
19:35 Double-Bit Axe
24:53 Castle Age
24:02 Fletching
24:55 Gold Mining
26:00 Squires
26:57 Iron Casting
27:23 Chain Mail Armor
28:39 Wheelbarrow
28:35 Gillnets
31:22 Gold Shaft Mining
32:38 Scale Barding Armor
34:06 Chain Barding Armor
38:25 Imperial Age
36:46 Husbandry
36:56 Bloodlines
38:17 Stone Mining
38:34 Murder Holes
38:53 Bodkin Arrow
43:45 Hand Cart
43:39 Heavy Plow
amossegaetan
1:31 Loom
13:46 Feudal Age
15:05 Wheelbarrow
14:21 Double-Bit Axe
15:11 Town Watch
16:41 Horse Collar
19:50 Fletching
20:01 Padded Archer Armor
22:08 Stone Mining
22:12 Gold Mining
22:34 Forging
26:59 Castle Age
25:35 Scale Barding Armor
26:25 Fishing Lines
28:11 Bow Saw
28:08 Heavy Plow
28:27 Hand Cart
27:47 Crossbowman
28:33 Thumb Ring
31:41 Bodkin Arrow
32:01 Leather Archer Armor
34:51 Iron Casting
34:37 Chain Barding Armor
35:25 Kasbah
35:26 Gillnets
36:15 Caravan
37:08 Husbandry
37:20 Bloodlines
38:35 Gold Shaft Mining
38:36 Stone Shaft Mining
42:08 Imperial Age
40:45 Treadmill Crane
41:25 Ballistics
41:01 Murder Holes
41:17 Masonry
41:19 Town Patrol
43:41 Heavy Camel Rider
44:45 Conscription
44:30 Maghrebi Camels
44:48 Elite Camel Archer
46:49 Chemistry
49:21 Bracer
49:51 Ring Archer Armor
PetitWawan
10:03 Feudal Age
10:51 Double-Bit Axe
11:11 Horse Collar
15:09 Loom
20:40 Castle Age
19:04 Fletching
20:07 Padded Archer Armor
20:53 Crossbowman
23:34 Bodkin Arrow
28:00 Leather Archer Armor
27:55 Stone Mining
29:03 Scale Barding Armor
28:50 Fishing Lines
33:29 Gold Mining
35:26 Chain Barding Armor
37:49 Imperial Age
36:05 Forging
36:40 Gold Shaft Mining
37:18 Gillnets
39:50 Heavy Cavalry Archer
40:38 Bracer
44:50 Onager
45:07 Elite Genitour
49:28 Silk Armor
52:15 Loom
yaNkaS
4:52 Loom
10:22 Feudal Age
10:48 Double-Bit Axe
12:31 Town Watch
12:14 Man-at-Arms
13:03 Horse Collar
15:57 Scale Mail Armor
22:05 Castle Age
23:28 Wheelbarrow
22:52 Gold Mining
23:23 Bow Saw
23:31 Heavy Plow
23:38 Squires
22:59 Long Swordsman
24:47 Stone Mining
25:35 Gold Shaft Mining
27:27 Ballistics
29:20 Hand Cart
36:10 Imperial Age
36:52 Ballistas
37:14 Conscription
36:21 Heavy Scorpion
38:04 Chemistry
40:22 Siege Engineers
40:14 Murder Holes
Yakopsen
3:19 Loom
10:50 Feudal Age
10:15 Loom
11:34 Double-Bit Axe
15:56 Scale Mail Armor
16:32 Forging
16:36 Arson
19:26 Horse Collar
26:33 Castle Age
27:46 Chain Mail Armor
28:06 Iron Casting
31:51 Bloodlines
31:41 Husbandry
36:58 Scale Barding Armor
43:35 Imperial Age
42:24 Chain Barding Armor
42:09 Fletching
42:42 Stirrups
43:13 Bodkin Arrow
43:48 Heavy Plow
44:03 Bow Saw
43:49 Cavalier
45:51 Wheelbarrow
46:13 Plate Barding Armor
47:37 Conscription
48:33 Crop Rotation
47:31 Light Cavalry
50:07 Hussar
54:10 Blast Furnace
54:33 Hand Cart
54:04 Town Watch
josephyankas
5:47 Loom
10:26 Feudal Age
15:49 Double-Bit Axe
15:46 Horse Collar
16:54 Scale Barding Armor
17:01 Forging
22:36 Castle Age
20:43 Gold Mining
22:54 Stone Mining
23:57 Wheelbarrow
23:55 Husbandry
25:12 Iron Casting
24:58 Chain Barding Armor
39:19 Imperial Age
41:31 Conscription
41:22 Logistica
43:06 Elite Cataphract
45:37 Plate Barding Armor
62:04 Ballistics
62:45 Chemistry
Connection lost

Rejoining the realm…

Still unreachable

The connection could not be restored.

Session expired

The server has moved on; the page needs a fresh start.